 Dungeon Crawl Stone Soup version 0.29-a0-364-g921d912d32 (webtiles) character file.

Game seed: 14974658979184063254

2505 bande the Covered (level 9, -1/55 HPs)
             Began as a Gargoyle Fighter on May 1, 2022.
             Was a Priest of Okawaru.
             Killed from afar by a steam dragon (6 damage)
             ... with a ball of steam
             ... on level 8 of the Dungeon.
             The game lasted 00:16:02 (7109 turns).

bande the Covered (Gargoyle Fighter)                Turns: 7109, Time: 00:16:02

Health: -1/55      AC: 23    Str: 21    XL:     9   Next: 53%
Magic:  12/12      EV:  6    Int:  8    God:    Okawaru [***...]
Gold:   1693       SH: 11    Dex: 13    Spells: 8/8 levels left

rFire   . . .      SeeInvis .   s - +2 hand axe (flame)
rCold   + . .      Faith    .   c - +1 buckler
rNeg    + . .      Spirit   .   u - +0 plate armour
rPois   ∞          Reflect  +   (helmet restricted)
rElec   +          Harm     .   A - +0 cloak
rCorr   .          Rampage  .   e - +1 pair of gloves
Will    .....                   (no boots)
Stlth   ..........              h - amulet of reflection
HPRegen 0.18/turn               (no ring)
MPRegen 0.13/turn               (no ring)

@: no status effects
A: sickness immunity, AC +6, negative energy resistance 1, electricity
resistance, torment resistance 1, petrification resistance, antennae 1, cold
resistance 1, sense surroundings 1
a: Renounce Religion, Heroism


You were on level 8 of the Dungeon.
You worshipped Okawaru.
Okawaru was most pleased with you.
You visited 1 branch of the dungeon, and saw 8 of its levels.

You collected 1693 gold pieces.

Inventory:

Hand Weapons
 a - a +1 vorpal war axe
 s - a +2 hand axe of flaming (weapon)
Armour
 c - a +1 buckler (worn)
 e - a +1 pair of gloves (worn)
 m - a +2 helmet
 n - a +2 scale mail of fire resistance
 u - a +0 plate armour (worn)
 A - a +0 cloak (worn)
Jewellery
 g - an amulet of magic regeneration
 h - an amulet of reflection (around neck)
 l - a ring of ice
Wands
 q - a wand of paralysis (7)
Scrolls
 r - 3 scrolls of enchant armour
 t - a scroll of holy word
 v - a scroll of brand weapon
 w - a scroll of amnesia
 y - a scroll of identify
 z - a scroll of teleportation
Potions
 b - 3 potions of attraction {unknown}
 d - 2 potions of haste
 f - 4 potions of curing
 i - 2 potions of mutation
 j - a potion of degeneration {unknown}
 k - a potion of heal wounds
 o - a potion of flight {unknown}
 p - 2 potions of berserk rage {unknown}
 x - a potion of brilliance {unknown}


   Skills:
 + Level 5.8 Fighting
 + Level 6.8 Axes
 + Level 6.9 Armour
 + Level 5.9 Shields
 * Level 4.5 Invocations
 * Level 3.4 Evocations


You had 8 spell levels left.
You didn't know any spells.
Your spell library contained the following spells:

 Spells                   Type           Power      Damage    Failure   Level
 Wereblood                Tmut           0%         N/A       100%        2
 Inner Flame              Hex/Fire       0%         N/A       100%        3
 Portal Projectile        Hex/Tloc       0%         N/A       100%        3
 Cause Fear               Hex            0%         N/A       100%        4
 Leda's Liquefaction      Hex/Erth       0%         N/A       100%        4
 Discord                  Hex            0%         N/A       100%        8
 Sublimation of Blood     Necr           Unusable   N/A       N/A         2
 Call Canine Familiar     Summ           Unusable   N/A       N/A         3
 Summon Hydra             Summ           Unusable   N/A       N/A         7

Dungeon Overview and Level Annotations

Branches:
Dungeon (8/15)             Temple (0/1) D:4
   Lair: D:8-11

Altars:
Cheibriados
Nemelex Xobeh
Okawaru
Wu Jian


Innate Abilities, Weirdness & Mutations

You are immune to sickness and miasma.
Your stone body is resilient. (AC +6)
You are immune to poison.
You resist negative energy. (rN+)
You are resistant to electric shocks. (rElec)
You are resistant to unholy torment.
You are immune to petrification.
You have a pair of small antennae on your head.
Your flesh is cold resistant. (rC+)
You passively map a small area around you.


Message History

You closely miss the steam dragon.
The steam dragon is moderately wounded.
The steam dragon bites you but does no damage.
You block the steam dragon's attack.
You hit the steam dragon. You burn the steam dragon.
The steam dragon is heavily wounded.
The steam dragon bites you but does no damage.
You block the steam dragon's attack.
You hit the steam dragon but do no damage.
The steam dragon is heavily wounded.
The steam dragon bites you. The steam dragon barely misses you.
You hit the steam dragon. You burn the steam dragon.
The steam dragon is severely wounded.
The steam dragon breathes steam at you. The ball of steam hits you!
* * * LOW HITPOINT WARNING * * *
You closely miss the steam dragon.
The steam dragon is severely wounded.
You are engulfed in a cloud of scalding steam.
* * * LOW HITPOINT WARNING * * *
You block the steam dragon's attack. The steam dragon barely misses you.
You barely miss the steam dragon.
The steam dragon is severely wounded.
You are engulfed in a cloud of scalding steam.
* * * LOW HITPOINT WARNING * * *
You block the steam dragon's attack. x2
You hit the steam dragon but do no damage.
The steam dragon is severely wounded.
You are engulfed in a cloud of scalding steam.
You block the steam dragon's attack. x2
You hit the steam dragon. You burn the steam dragon.
The steam dragon is severely wounded.
You are engulfed in a cloud of scalding steam.
* * * LOW HITPOINT WARNING * * *
You block the steam dragon's attack. The steam dragon completely misses you.
You hit the steam dragon but do no damage.
The steam dragon is severely wounded.
The steam dragon breathes steam at you. The ball of steam hits you.
You die...

........## *
.... ....# *
..... ...#
..... #..#
......#..##
......#...#
.......§..###
*#...D@.§)§#
##.......##
#.......#
#######..#
#..#* ##..#
..# *..#


You could see a steam dragon (catching breath).

Vanquished Creatures
  Grinder (D:4)
  Sigmund (D:3)
  A steam dragon (D:7)
  Menkaure (D:5)
  3 water moccasins
  3 ice beasts
  An orc warrior (D:6)
  A black bear (D:7)
  2 phantoms
  A kobold brigand (D:7)
  5 scorpions
  A howler monkey (D:7)
  2 hounds
  A jelly (D:7)
  Crazy Yiuf (D:7)
  4 orc priests
  Ijyb (D:5)
  An iguana (D:5)
  2 orc wizards
  4 gnolls
  5 adders
  3 white imps (D:7)
  An ufetubus (D:7)
  A worm (D:5)
  5 dart slugs
  16 orcs
  5 endoplasms
  3 giant cockroaches
  8 goblins
  8 hobgoblins
  6 jackals
  7 kobolds
  2 quokkas
  5 ball pythons
  2 bats (D:2)
  3 frilled lizards
  5 rats
122 creatures vanquished.

Vanquished Creatures (others)
  A kobold (D:8)
1 creature vanquished.

Grand Total: 123 creatures vanquished

Notes
Turn   | Place    | Note
-------+----------+-------------------------------------------
     0 | D:1      | bande the Gargoyle Fighter began the quest for the Orb.
     0 | D:1      | Reached XP level 1. HP: 14/14 MP: 1/1
   502 | D:1      | Reached XP level 2. HP: 19/19 MP: 2/2
   753 | D:1      | Reached XP level 3. HP: 21/23 MP: 3/3
  1693 | D:2      | Found a faded altar of an unknown god.
  1849 | D:1      | Reached XP level 4. HP: 24/29 MP: 4/4
  2584 | D:3      | Noticed Sigmund
  2602 | D:3      | Killed Sigmund
  2603 | D:3      | Reached XP level 5. HP: 20/33 MP: 5/5
  2603 | D:3      | Reached XP level 6. HP: 23/38 MP: 6/6
  3073 | D:4      | Found an iron altar of Okawaru.
  3079 | D:4      | Became a worshipper of Warmaster Okawaru
  3098 | D:4      | Reached skill level 5 in Armour
  3164 | D:4      | Noticed Grinder
  3190 | D:4      | Killed Grinder
  3190 | D:4      | Reached * piety under Okawaru
  3191 | D:4      | Reached skill level 1 in Invocations
  3191 | D:4      | Reached XP level 7. HP: 24/44 MP: 6/8
  3331 | D:4      | Found a staircase to the Ecumenical Temple.
  3972 | D:4      | Reached skill level 5 in Axes
  3972 | D:4      | Reached skill level 1 in Evocations
  4060 | D:4      | Found a sparkling altar of Nemelex Xobeh.
  4107 | D:4      | Found an ornate altar of the Wu Jian Council.
  4183 | D:5      | Entered Level 5 of the Dungeon
  4183 | D:5      | Noticed Ijyb
  4199 | D:5      | Paralysed by Ijyb for 5 turns
  4213 | D:5      | Killed Ijyb
  4268 | D:5      | Reached XP level 8. HP: 44/48 MP: 9/9
  4324 | D:5      | Reached skill level 5 in Fighting
  4815 | D:5      | Noticed Menkaure
  4822 | D:5      | Killed Menkaure
  4822 | D:5      | Reached ** piety under Okawaru
  4823 | D:5      | Reached skill level 5 in Shields
  4877 | D:6      | Gained mutation: You passively map a small area around you.
                  | [potion of mutation]
  4877 | D:6      | Gained mutation: Your flesh is cold resistant. (rC+)
                  | [potion of mutation]
  4877 | D:6      | Gained mutation: You have a pair of small antennae on your
                  | head. [potion of mutation]
  4996 | D:6      | Identified a scroll of acquirement
  4996 | D:6      | Acquired 1260 gold pieces
  5029 | D:6      | Reached XP level 9. HP: 35/54 MP: 11/11
  5606 | D:6      | Found a snail-covered altar of Cheibriados.
  6516 | D:7      | Found a runed translucent door.
  6517 | D:7      | Noticed Crazy Yiuf
  6590 | D:7      | Reached *** piety under Okawaru
  6931 | D:7      | Killed Crazy Yiuf
  7109 | D:8      | Killed from afar by a steam dragon

Illustrated notes

Levels and vault maps discovered:
D:1:      dpeg_arrival_court, layout_loops_ring, minmay_hedge_maze,
          minmay_misc_feat_columns
D:2:      layout_loops_cross, ebering_ecumenical_altar_hall
D:3:      layout_rooms, uniq_sigmund
D:4:      cheibrodos_pilgrimage, layout_cave_pools, nemelex_dance_club_becter,
          nzn_wu_jian_council_hall, mainiacjoe_overflow_chevrons,
          minmay_temple_entry_wispy, st_stairs_3, uniq_grinder
D:5:      layout_rooms, uniq_menkaure, uniq_ijyb
D:6:      layout_rooms, mainiacjoe_overflow_alcove_1, dk_noncrumbling_2,
          minmay_misc_feat_pillars
D:7:      layout_basic, uniq_crazy_yiuf_cottage
D:8:      layout_basic, kennysheep_minor_cross

Skill      XL: |  1  2  3  4  5  6  7  8  9 |
---------------+----------------------------+-----
Axes           | 2 4 5 6 |  6.8
Armour         | 4 5 6 |  6.9
Fighting       | 4 5 |  5.8
Shields        | 4 5 |  5.9
Invocations    | 1 2 3 4 |  4.5
Evocations     | 1 2 3 |  3.4

Action                   |  1- 3 |  4- 6 |  7- 9 || total
-------------------------+-------+-------+-------++-------
Melee: War axe           |    92 |    82 |       ||   174
       Hand axe          |       |    26 |   385 ||   411
  Use: Scroll            |     6 |     3 |     7 ||    16
       Potion            |       |     2 |     1 ||     3
Armor: Scale mail        |    46 |    51 |   103 ||   200
       Plate armour      |       |       |    84 ||    84
Dodge: Dodged            |    40 |    43 |   110 ||   193
Block: Buckler           |    13 |    28 |   157 ||   198
       Reflection        |       |       |     2 ||     2

Table legend: (Time is in decaauts)
 A = Elapsed time spent in this place.
 B = Non-inter-level travel time spent in this place.
 C = Inter-level travel time spent in this place.
 D = Time resting spent in this place.
 E = Time spent auto-exploring this place.
 F = Levels seen in this place.
 G = Mean time per level.
                   A        B        C        D        E       F      G
               +--------+--------+--------+--------+--------+-----+--------+
         Total |   7207 |   7151 |     56 |   1313 |   4202 |   8 |  900.9 |
       Dungeon |   7207 |   7151 |     56 |   1313 |   4202 |   8 |  900.9 |
               +--------+--------+--------+--------+--------+-----+--------+

Top non-repeatable levels by time:
     D:7: 1373 daAuts
     D:1: 1359 daAuts
     D:4: 1205 daAuts
     D:2: 1054 daAuts
     D:6: 833 daAuts
     D:5: 701 daAuts
     D:3: 645 daAuts
     D:8: 34 daAuts
